CAR
POTOMAC NATIONALS @ CAROLINA MUDCATS
05/28/2099
 
TOP OF THE 1ST
Potomac Nationals batting - Pitching for Carolina Mudcats : RHP Gustavo Sandoval
Pitching: RHP Gustavo Sandoval
Batting: LHB Bobby Lane 0-0: Ball
1-0: Ball
2-0: SINGLE (Line Drive, 78S, EV 106.9 MPH)
Batting: LHB Juan Bautista 0-0: Foul Ball, location: 9LSF
0-1: Ball
Bobby Lane steals 2nd base
1-1: Ball
2-1: Fly out, F9 (Line Drive, 89S, EV 84.4 MPH)
Batting: RHB Nathan Jackson 0-0: Called Strike
0-1: Foul Ball, location: 9LMF
0-2: Ball
1-2: Ball
2-2: Foul Ball, location: 5FF
2-2: Fly out, F9 (Line Drive, 9LS, EV 87.5 MPH)
Batting: RHB Mark Dittman 0-0: Ball
Wild Pitch!
Bobby Lane to third
1-0: Called Strike
1-1: Foul Ball, location: 2F
1-2: Strikes out swinging
Top of the 1st over - 0 runs, 1 hit, 0 errors, 1 left on base; Potomac 0 - Carolina 0
BOTTOM OF THE 1ST
Carolina Mudcats batting - Pitching for Potomac Nationals : RHP Remco de Vos
Pitching: RHP Remco de Vos
Batting: RHB Jesus Asevedo 0-0: Ball
1-0: Ball
2-0: Swinging Strike
2-1: Ball
3-1: Base on Balls
Batting: RHB Callum King 0-0: Called Strike
0-1: Ball
1-1: Foul Ball, location: 9LMF
1-2: Fly out, F7 (Flyball, 7S, EV 92.5 MPH)
Batting: RHB Gilberto Flores 0-0: Ball
1-0: Ball
2-0: Ball
3-0: Base on Balls
Jesus Asevedo to second
Batting: LHB Cesar Flores 0-0: Ball
Jesus Asevedo is caught stealing 3rd base 2-5
1-0: Ball
2-0: Ball
3-0: Base on Balls
Gilberto Flores to second
Batting: RHB Henry Bedford 0-0: SINGLE (Groundball, 5D, EV 102.5 MPH)
Gilberto Flores to third
Cesar Flores to second
Runner from 3rd tries for Home, SAFE, throw by LF to home
Batting: SHB Pablo Castillo 0-0: Called Strike
0-1: Called Strike
0-2: Strikes out swinging
Bottom of the 1st over - 1 run, 1 hit, 0 errors, 2 left on base; Potomac 0 - Carolina 1
TOP OF THE 2ND
Potomac Nationals batting - Pitching for Carolina Mudcats : RHP Gustavo Sandoval
Batting: RHB Jorge Ruiz 0-0: Called Strike
0-1: Ball
1-1: Ball
2-1: Ball
3-1: Base on Balls
Batting: RHB Jose Huerta 0-0: Called Strike
0-1: Ball
1-1: Fielders Choice at 2nd, 5-4 (Groundball, 56, EV 104.4 MPH)
Batting: RHB Danny Carmona 0-0: Called Strike
0-1: Ball
1-1: Fly out, F7 (Flyball, 78D, EV 92.5 MPH)
Pitching: RHP Jose Rivera
Batting: RHB Erik Overholtzer 0-0: Foul Ball, location: 2F
0-1: Ball
1-1: Ball
2-1: Foul Ball, location: 9LSF
2-2: Ball
3-2: SINGLE (Line Drive, 89S, EV 95.0 MPH)
Jose Huerta to second
Jose Huerta to third
Batting: RHB Luis Quiroga 0-0: Called Strike
0-1: Foul Ball, location: 2F
0-2: Ball
1-2: Ball
2-2: Ball
3-2: Fly out, F9 (Line Drive, 9S, EV 92.5 MPH)
Top of the 2nd over - 0 runs, 1 hit, 0 errors, 2 left on base; Potomac 0 - Carolina 1
BOTTOM OF THE 2ND
Carolina Mudcats batting - Pitching for Potomac Nationals : RHP Remco de Vos
Batting: LHB Hector Cruz 0-0: Foul Ball, location: 2F
0-1: Ball
1-1: Ball
2-1: Swinging Strike
2-2: Strikes out swinging
Batting: RHB Ed Morales 0-0: Ball
1-0: Called Strike
1-1: Called Strike
1-2: Strikes out swinging
Batting: RHB Danny Villagomez 0-0: Ground out 5-3 (Groundball, 56, EV 89.4 MPH)
Bottom of the 2nd over - 0 runs, 0 hits, 0 errors, 0 left on base; Potomac 0 - Carolina 1
TOP OF THE 3RD
Potomac Nationals batting - Pitching for Carolina Mudcats : RHP Jose Rivera
Batting: LHB Bobby Lane 0-0: Ball
1-0: Ball
2-0: Ball
3-0: Base on Balls
Batting: LHB Juan Bautista 0-0: Ball
Bobby Lane steals 2nd base
1-0: Called Strike
1-1: Foul Ball, location: 9LSF
1-2: Ball
2-2: Strikes out swinging
Batting: RHB Nathan Jackson 0-0: Ball
Bobby Lane steals 3rd base
1-0: Called Strike
1-1: Hit by Pitch
Batting: RHB Mark Dittman 0-0: Ball
1-0: Called Strike
1-1: Foul Ball, location: 2F
1-2: Ball
2-2: Foul Ball, location: 3SF
2-2: 3-RUN HOME RUN (Flyball, 78XD, EV 95.0 MPH), Distance : 383 ft
Batting: RHB Jorge Ruiz 0-0: Ball
1-0: Ball
2-0: Called Strike
2-1: Ball
3-1: Swinging Strike
3-2: Foul Ball, location: 2F
3-2: Base on Balls
Batting: RHB Jose Huerta 0-0: Ball
1-0: SINGLE (Groundball, 13S, EV 61.3 MPH) (infield hit)
Jorge Ruiz to second
Batting: RHB Danny Carmona 0-0: Foul Ball, location: 2F
0-1: SINGLE (Line Drive, 89S, EV 105.0 MPH)
Jorge Ruiz to third
Jose Huerta to second
Runner from 3rd tries for Home, SAFE, throw by RF to home
Pitching: RHP Pascal Scholtens
Batting: RHB Erik Overholtzer 0-0: Foul Ball, location: 5F
0-1: Ball
1-1: Swinging Strike
1-2: Foul Ball, location: 5FF
1-2: Hit by Pitch
Jose Huerta to third
Danny Carmona to second
Batting: RHB Luis Quiroga 0-0: Called Strike
0-1: Ball
1-1: Swinging Strike
1-2: Ball
2-2: Ball
3-2: Strikes out swinging
Batting: LHB Bobby Lane 0-0: Ball
1-0: Fly out, F9 (Line Drive, 9LM, EV 96.3 MPH)
Top of the 3rd over - 4 runs, 3 hits, 0 errors, 3 left on base; Potomac 4 - Carolina 1
BOTTOM OF THE 3RD
Carolina Mudcats batting - Pitching for Potomac Nationals : RHP Remco de Vos
Batting: RHB Jesus Asevedo 0-0: Fly out, F5 (Line Drive, 5L, EV 74.4 MPH)
Batting: RHB Callum King 0-0: Foul Ball, location: 23FF
0-1: DOUBLE (Flyball, 8RXD, EV 107.5 MPH)
Batting: RHB Gilberto Flores 0-0: Ball
1-0: Ball
2-0: Called Strike
2-1: Ground out 6-3 (Groundball, 6, EV 82.5 MPH)
Batting: LHB Cesar Flores 0-0: Ground out U3 (Groundball, 3, EV 80.0 MPH)
Bottom of the 3rd over - 0 runs, 1 hit, 0 errors, 1 left on base; Potomac 4 - Carolina 1
TOP OF THE 4TH
Potomac Nationals batting - Pitching for Carolina Mudcats : RHP Pascal Scholtens
Batting: LHB Juan Bautista 0-0: SINGLE (Groundball, 4D, EV 99.4 MPH)
Batting: RHB Nathan Jackson 0-0: Swinging Strike
0-1: Grounds into double play, 6-4-3 (Groundball, 6, EV 83.1 MPH)
Batting: RHB Mark Dittman 0-0: SINGLE (Line Drive, 7S, EV 96.3 MPH)
Batting: RHB Jorge Ruiz 0-0: Fielders Choice at 2nd, 5-4 (Groundball, 56, EV 83.8 MPH)
Top of the 4th over - 0 runs, 2 hits, 0 errors, 1 left on base; Potomac 4 - Carolina 1
BOTTOM OF THE 4TH
Carolina Mudcats batting - Pitching for Potomac Nationals : RHP Remco de Vos
Batting: RHB Henry Bedford 0-0: Ball
1-0: Called Strike
1-1: Ground out 6-3 (Groundball, 6, EV 86.9 MPH)
Batting: SHB Pablo Castillo 0-0: Called Strike
0-1: Foul Ball, location: 2F
0-2: SINGLE (Line Drive, 6MD, EV 104.4 MPH)
Batting: LHB Hector Cruz 0-0: Called Strike
0-1: Ball
1-1: Foul Ball, location: 7LMF
1-2: Fly out, F7 (Line Drive, 78M, EV 92.5 MPH)
Batting: RHB Ed Morales 0-0: Ball
1-0: Ball
2-0: Ball
3-0: Base on Balls
Pablo Castillo to second
Batting: RHB Danny Villagomez 0-0: Ball
1-0: Ball
2-0: Swinging Strike
2-1: Foul Ball, location: 5F
2-2: Foul Ball, location: 3FF
2-2: Ball
3-2: Base on Balls
Pablo Castillo to third
Ed Morales to second
Batting: RHB Jesus Asevedo 0-0: Called Strike
0-1: Ball
1-1: SINGLE (Line Drive, 34D, EV 99.4 MPH)
Pablo Castillo scores
Ed Morales to third
Danny Villagomez to second
Runner from 3rd tries for Home, SAFE, throw by RF to home
Batting: RHB Callum King 0-0: Called Strike
0-1: Fly out, F9 (Line Drive, 9, EV 90.0 MPH)
Bottom of the 4th over - 2 runs, 2 hits, 0 errors, 2 left on base; Potomac 4 - Carolina 3
TOP OF THE 5TH
Potomac Nationals batting - Pitching for Carolina Mudcats : RHP Pascal Scholtens
Batting: RHB Jose Huerta 0-0: Called Strike
0-1: Swinging Strike
0-2: Foul Ball, location: 2F
0-2: Ball
1-2: Fly out, F8 (Line Drive, 8LD, EV 91.9 MPH)
Batting: RHB Danny Carmona 0-0: Called Strike
0-1: Ground out 6-3 (Groundball, 6, EV 76.9 MPH)
Batting: RHB Erik Overholtzer 0-0: Ball
1-0: Ball
2-0: Called Strike
2-1: Ball
3-1: Base on Balls
Batting: RHB Luis Quiroga 0-0: Ball
1-0: Foul Ball, location: 5SF
1-1: Ball
2-1: SINGLE (Line Drive, 7S, EV 103.8 MPH)
Erik Overholtzer to second
Batting: LHB Bobby Lane 0-0: Ball
1-0: Foul Ball, location: 3F
1-1: Swinging Strike
1-2: Strikes out looking
Top of the 5th over - 0 runs, 1 hit, 0 errors, 2 left on base; Potomac 4 - Carolina 3
BOTTOM OF THE 5TH
Carolina Mudcats batting - Pitching for Potomac Nationals : RHP Remco de Vos
Batting: RHB Gilberto Flores 0-0: Called Strike
0-1: Foul Ball, location: 2F
0-2: Ball
1-2: Strikes out swinging
Batting: LHB Cesar Flores 0-0: Ball
1-0: Ball
2-0: Called Strike
2-1: Foul Ball, location: 9LMFF
2-2: Foul Ball, location: 7LDF
2-2: Strikes out swinging
Batting: RHB Henry Bedford 0-0: Swinging Strike
0-1: Ball
1-1: Ball
2-1: Ball
3-1: Base on Balls
Batting: SHB Pablo Castillo 0-0: Ball
1-0: Called Strike
1-1: Called Strike
1-2: Strikes out swinging
Bottom of the 5th over - 0 runs, 0 hits, 0 errors, 1 left on base; Potomac 4 - Carolina 3
TOP OF THE 6TH
Potomac Nationals batting - Pitching for Carolina Mudcats : RHP Pascal Scholtens
Pitching: RHP Bob Mejia
Batting: LHB Juan Bautista 0-0: Called Strike
0-1: Foul Ball, location: 2F
0-2: Strikes out swinging
Batting: RHB Nathan Jackson 0-0: Ball
1-0: Ball
2-0: Ball
3-0: Base on Balls
Batting: RHB Mark Dittman 0-0: Foul Ball, location: 2F
0-1: Ball
1-1: Foul Ball, location: 5F
1-2: Foul Ball, location: 23F
1-2: Fielders Choice at 2nd, 6-4 (Groundball, 6, EV 86.3 MPH)
Batting: RHB Jorge Ruiz 0-0: Called Strike
0-1: Fly out, F8 (Line Drive, 8LD, EV 100.0 MPH)
Top of the 6th over - 0 runs, 0 hits, 0 errors, 1 left on base; Potomac 4 - Carolina 3
BOTTOM OF THE 6TH
Carolina Mudcats batting - Pitching for Potomac Nationals : RHP Remco de Vos
Batting: LHB Hector Cruz 0-0: Called Strike
0-1: Swinging Strike
0-2: Ball
1-2: Ball
2-2: Strikes out looking
Batting: RHB Ed Morales 0-0: Fly out, F9 (Flyball, 9LM, EV 98.1 MPH)
Batting: RHB Danny Villagomez 0-0: Called Strike
0-1: Foul Ball, location: 9LMF
0-2: Ball
1-2: Ball
2-2: Foul Ball, location: 2F
2-2: Ball
3-2: Strikes out swinging
Bottom of the 6th over - 0 runs, 0 hits, 0 errors, 0 left on base; Potomac 4 - Carolina 3
TOP OF THE 7TH
Potomac Nationals batting - Pitching for Carolina Mudcats : RHP Bob Mejia
Pitching: RHP Danny Contreras
Batting: RHB Jose Huerta 0-0: Ground out 6-3 (Groundball, 6, EV 96.9 MPH)
Batting: RHB Danny Carmona 0-0: Ball
1-0: Ball
2-0: Swinging Strike
2-1: Swinging Strike
2-2: Strikes out swinging
Batting: RHB Erik Overholtzer 0-0: Ball
1-0: Called Strike
1-1: Foul Ball, location: 2F
1-2: Ball
2-2: Ball
3-2: Foul Ball, location: 2F
3-2: Base on Balls
Batting: RHB Luis Quiroga 0-0: Ball
1-0: Called Strike
1-1: Ball
2-1: Foul Ball, location: 9LSF
2-2: Strikes out swinging
Top of the 7th over - 0 runs, 0 hits, 0 errors, 1 left on base; Potomac 4 - Carolina 3
BOTTOM OF THE 7TH
Carolina Mudcats batting - Pitching for Potomac Nationals : RHP Remco de Vos
Pitching: RHP Tom Shortall
Batting: RHB Jesus Asevedo 0-0: Ball
1-0: Foul Ball, location: 2F
1-1: Ball
2-1: Swinging Strike
2-2: Foul Ball, location: 9LSF
2-2: Ball
3-2: Foul Ball, location: 2F
3-2: Strikes out swinging
Batting: RHB Callum King 0-0: Fly out, F8 (Flyball, 8RD, EV 108.1 MPH)
Pinch Hitting: RHB Omar Perez 0-0: Ball
1-0: Called Strike
1-1: Ball
2-1: Called Strike
2-2: Foul Ball, location: 2F
2-2: Ground out 5-3 (Groundball, 56S, EV 88.8 MPH)
Bottom of the 7th over - 0 runs, 0 hits, 0 errors, 0 left on base; Potomac 4 - Carolina 3
TOP OF THE 8TH
Potomac Nationals batting - Pitching for Carolina Mudcats : RHP Danny Contreras
Now in CF: Cesar Flores
Now in RF: Ron Brito
Batting: LHB Bobby Lane 0-0: Called Strike
0-1: Ground out U3 (Groundball, 3L, EV 86.9 MPH)
Batting: LHB Juan Bautista 0-0: Ball
1-0: Called Strike
1-1: Ball
2-1: SINGLE (Line Drive, 56D, EV 93.8 MPH)
Batting: RHB Nathan Jackson 0-0: Ball
1-0: Swinging Strike
1-1: Called Strike
1-2: SINGLE (Line Drive, 7S, EV 94.4 MPH)
Juan Bautista to second
Batting: RHB Mark Dittman 0-0: Ball
1-0: Ball
2-0: SINGLE (Groundball, 34D, EV 101.9 MPH)
Juan Bautista to third
Nathan Jackson to second
Runner from 3rd tries for Home, SAFE, throw by RF to home
Pinch Hitting: LHB Kurt LaBove 0-0: Foul Ball, location: 9LMF
0-1: Fly out, F7 (Flyball, 7, EV 84.4 MPH)
Batting: RHB Jose Huerta 0-0: Called Strike
0-1: Ball
1-1: Called Strike
1-2: Strikes out looking
Top of the 8th over - 1 run, 3 hits, 0 errors, 2 left on base; Potomac 5 - Carolina 3
BOTTOM OF THE 8TH
Carolina Mudcats batting - Pitching for Potomac Nationals : RHP Tom Shortall
Pitching: LHP Jose Saucedo
Now in LF: Luis Campos
Now in RF: Victor Soto
Pinch Hitting: RHB Luiz Innis 0-0: Fly out, F9 (Flyball, 9LSF, EV 95.6 MPH)
Batting: RHB Henry Bedford 0-0: Called Strike
0-1: Swinging Strike
0-2: Strikes out swinging
Batting: SHB Pablo Castillo 0-0: Foul Ball, location: 2F
0-1: Ground out 5-3 (Groundball, 56S, EV 71.9 MPH)
Bottom of the 8th over - 0 runs, 0 hits, 0 errors, 0 left on base; Potomac 5 - Carolina 3
TOP OF THE 9TH
Potomac Nationals batting - Pitching for Carolina Mudcats : RHP Danny Contreras
Pitching: RHP Guillermo Rodriguez
Now in LF: Ryan Harrison
Now in CF: Hector Cruz
Batting: RHB Danny Carmona 0-0: Called Strike
0-1: Swinging Strike
0-2: Foul Ball, location: 3F
0-2: SINGLE (Line Drive, 7LS, EV 95.0 MPH)
Batting: RHB Erik Overholtzer 0-0: Ball
1-0: Swinging Strike
1-1: Foul Ball, location: 7LMF
1-2: Strikes out swinging
Batting: RHB Luis Quiroga 0-0: Called Strike
0-1: Foul Ball, location: 2F
0-2: Ball
1-2: Ball
2-2: Ball
3-2: Foul Ball, location: 3FF
3-2: DOUBLE (Groundball, 5L, EV 101.3 MPH)
Danny Carmona to third
Batting: LHB Bobby Lane 0-0: Called Strike
0-1: Ball
1-1: Ball
2-1: Foul Ball, location: 7LSF
2-2: Strikes out looking
Batting: LHB Juan Bautista 0-0: Called Strike
0-1: Swinging Strike
0-2: Ball
1-2: Ball
2-2: Ball
3-2: Base on Balls
Batting: LHB Luis Campos 0-0: Fly out, F7 (Flyball, 7, EV 93.8 MPH)
Top of the 9th over - 0 runs, 2 hits, 0 errors, 3 left on base; Potomac 5 - Carolina 3
BOTTOM OF THE 9TH
Carolina Mudcats batting - Pitching for Potomac Nationals : LHP Jose Saucedo
Pitching: LHP David Torres
Now at 3B: Juan Flores
Pinch Hitting: RHB Rafaƫl Lebreton 0-0: Foul Ball, location: 23FF
0-1: Ball
1-1: Swinging Strike
1-2: Fly out, F3 (Line Drive, 3L, EV 70.6 MPH)
Batting: RHB Ed Morales 0-0: Called Strike
0-1: Foul Ball, location: 3F
0-2: SINGLE (Groundball, 34D, EV 103.1 MPH)
Batting: RHB Danny Villagomez 0-0: Foul Ball, location: 23F
0-1: SINGLE (Groundball, 4MD, EV 106.9 MPH)
Ed Morales to second
Batting: RHB Jesus Asevedo 0-0: Fly out, F8 (Flyball, 78S, EV 96.9 MPH)
Batting: RHB Callum King 0-0: Ball
1-0: Foul Ball, location: 25F
1-1: Foul Ball, location: 2F
1-2: Foul Ball, location: 3F
1-2: Ball
2-2: Ball
3-2: Fly out, F7 (Flyball, 7, EV 81.3 MPH)
Bottom of the 9th over - 0 runs, 2 hits, 0 errors, 2 left on base; Potomac 5 - Carolina 3
Tuesday, May 7th , 2024 - OOTP Baseball 24.11 Build 85